 Dungeon Crawl Stone Soup version 0.28-a0-1567-g1695149f81 (webtiles) character file.

Game seed: 6590807721259603950

760 southernslant the Conjurer (level 7, -4/57 HPs)
             Began as a Red Draconian Conjurer on Jan 20, 2022.
             Slain by a gnoll (22 damage)
             ... on level 4 of the Dungeon.
             The game lasted 00:10:58 (5534 turns).

southernslant the Conjurer (Red Draconian Conjurer) Turns: 5534, Time: 00:10:59

Health: -4/57      AC:  7    Str: 17    XL:     7   Next: 51%
Magic:  12/12      EV: 12    Int: 18    God:
Gold:   197        SH:  0    Dex:  9    Spells: 10/13 levels left

rFire   + . .      SeeInvis .   k - +5 bardiche "Death Rattle" {freeze, rCorr Str+5}
rCold   . . .      Faith    .   (shield currently unavailable)
rNeg    . . .      Spirit   .   (armour unavailable)
rPois   .          Reflect  .   (helmet restricted)
rElec   .          Harm     .   (no cloak)
rCorr   +          Rampage  .   s - +0 pair of gloves
Will    .....                   (no boots)
Stlth   ++........              (no amulet)
HPRegen 0.19/turn               (no ring)
MPRegen 0.13/turn               (no ring)

@: no status effects
A: breathe fire, AC +6, unfitting armour, fire resistance 1, cold-blooded
a: Breathe Fire


You were on level 4 of the Dungeon.
You visited 1 branch of the dungeon, and saw 5 of its levels.

You collected 197 gold pieces.

Inventory:

Hand Weapons
 a - a +0 short sword
 k - the +5 bardiche "Death Rattle" (weapon) {freeze, rCorr Str+5}
   (You took it off a hobgoblin on level 3 of the Dungeon)

   It freezes those it strikes, dealing additional cold damage.
   It can also slow down cold-blooded creatures.
   Str:       It affects your strength (+5).
   rCorr:     It protects you from acid and corrosion.
Missiles
 b - 285 stones
 d - 15 poisoned darts (quivered)
Armour
 s - a +0 pair of gloves (worn)
Jewellery
 o - a ring of flight
 u - a ring of positive energy
Wands
 p - a wand of iceblast (5)
Scrolls
 e - a scroll of immolation {unknown}
 g - a scroll of teleportation {unknown}
 j - 7 scrolls of identify {unknown}
 l - a scroll of amnesia {unknown}
 q - a scroll of torment {unknown}
Potions
 c - 2 potions of invisibility
 f - 2 potions of magic {unknown}
 h - 4 potions of haste {unknown}
 i - a potion of heal wounds {unknown}
 m - a potion of mutation {unknown}
 n - a potion of brilliance {unknown}
 r - a potion of attraction {unknown}
 t - 2 potions of flight {unknown}


   Skills:
 * Level 3.6 Fighting
 - Level 1.8 Short Blades
 * Level 2.4 Polearms
 + Level 2.1 Throwing
 * Level 3.7 Dodging
 - Level 2.5 Stealth
 * Level 3.8 Spellcasting
 + Level 4.7 Conjurations


You had 10 spell levels left.
You knew the following spells:

 Your Spells              Type           Power      Damage    Failure   Level
a - Magic Dart            Conj           80%        1d7       2%          1
b - Searing Ray           Conj           40%        2d5       3%          2

Your spell library contained the following spells:

 Spells                   Type           Power      Damage    Failure   Level
 Dazzling Flash           Conj/Hex       22%        N/A       17%         3
 Fulminant Prism          Conj/Hex       5%         3d7       50%         4
 Iskenderun's Mystic Bla  Conj/Tloc      11%        2d4       50%         4


Dungeon Overview and Level Annotations

Branches:
Dungeon (5/15)
 Temple: D:4-7

Altars:
Hepliaklqana
Xom


Innate Abilities, Weirdness & Mutations

You can breathe blasts of fire.
Your fiery red scales are hard. (AC +6)
You cannot fit into any form of body armour.
Your flesh is heat resistant. (rF+)
You are cold-blooded and may be slowed by cold attacks.


Message History

You throw a poisoned dart.
The poisoned dart closely misses the gnoll sergeant.
Throw: 16 darts (poison)
Press: ? - help, Q - select action, (/) - cycle Shift-Dir - straight line, f/p - gnoll sergeant
Aim: a gnoll sergeant, wielding a +4 trident of flaming, wearing a +0 ring mail and wearing a +0 buckler (lightly wounded, poisoned, 64% to hit)
You throw a poisoned dart.
The gnoll sergeant blocks the poisoned dart.
A gnoll comes into view.
It is wielding a +4 flail of distortion.
A gnoll comes into view. It is wielding a +0 whip.
The gnoll sergeant hits you with a +4 trident of flaming.
The gnoll sergeant burns you.
The gnoll shouts!
You hit the gnoll sergeant. You freeze the gnoll sergeant.
The gnoll sergeant is heavily wounded.
A gnoll comes into view. It is wielding a +0 whip.
The gnoll sergeant closely misses you.
The gnoll drinks a potion.
The gnoll flickers and vanishes!
Deactivating autopickup; reactivate with Ctrl-A.
The gnoll sergeant hits you with a +4 trident of flaming.
The gnoll sergeant misses you. The gnoll sergeant barely misses you.
The gnoll hits you with a +4 flail of distortion!
You blink.
Found a stone staircase leading down.
The gnoll sergeant looks more healthy.
You see here a ring of positive energy.
u - a ring of positive energy A gnoll comes into view.
It is wielding a +0 club. x2
The gnoll shouts!
The gnoll sergeant hits you from afar with a +4 trident of flaming.
The gnoll sergeant burns you.
There is a stone staircase leading up here.
The gnoll sergeant hits you from afar with a +4 trident of flaming!
The gnoll sergeant burns you.
You climb upwards.
Reactivating autopickup.
There is a stone staircase leading down here.
You barely miss the gnoll.
The gnoll hits you with a +4 flail of distortion.
Space warps horribly around you!!
You die...

#..#.[.#..## #........#
#.###.##...###........####
.#.#.#......##...........#
##...##.....##.#######...#
#.###.#.....#..#######...#
..##..#..................#
##...........#....####...#
##[............#g.# #...#
....<....######.@.# #####
....##...# #..##
....#..#.######..###
)..................#
>...####...........# ##.##
#...........#
##.######..........#
......###....########
......#.............#


You could see a gnoll.

Vanquished Creatures
  Menkaure (D:5)
  An ogre (D:4)
  2 scorpions
  2 jellies
  A hound (D:4)
  2 bullfrog skeletons
  A centaur skeleton (D:4)
  2 iguanas (D:4)
  Natasha (thrice) (D:2)
  6 adders
  A shadow imp (D:5)
  An ufetubus (D:4)
  A worm (D:2)
  2 dart slugs (D:3)
  2 orcs
  6 ball pythons
  8 endoplasms
  5 giant cockroaches
  7 goblins
  4 hobgoblins
  4 jackals (D:2)
  13 kobolds
  2 quokkas (D:4)
  4 bats
  A frilled lizard (D:2)
  10 rats
92 creatures vanquished.

Vanquished Creatures (others)
  2 plants (D:1)
2 creatures vanquished.

Grand Total: 94 creatures vanquished

Notes
Turn   | Place    | Note
-------+----------+-------------------------------------------
     0 | D:1      | southernslant the Draconian Conjurer began the quest for
                  | the Orb.
     0 | D:1      | Reached XP level 1. HP: 14/14 MP: 3/3
   684 | D:1      | Reached XP level 2. HP: 21/22 MP: 1/5
  1091 | D:1      | Learned a level 2 spell: Searing Ray
  1448 | D:1      | Reached skill level 1 in Fighting
  1777 | D:2      | Reached XP level 3. HP: 28/28 MP: 0/6
  1983 | D:2      | Reached skill level 1 in Short Blades
  2041 | D:2      | Noticed Natasha
  2049 | D:2      | Killed Natasha
  2150 | D:2      | Noticed Natasha
  2156 | D:2      | Killed Natasha
  2157 | D:2      | Reached XP level 4. HP: 24/35 MP: 1/7
  2376 | D:2      | Reached skill level 1 in Throwing
  2486 | D:2      | Noticed Natasha
  2496 | D:2      | Killed Natasha
  3406 | D:3      | Reached XP level 5. HP: 41/41 MP: 3/9
  3531 | D:3      | Identified the +5 bardiche "Death Rattle" {freeze, rCorr
                  | Str+5}
  4139 | D:4      | Reached skill level 1 in Polearms
  4139 | D:4      | Reached XP level 6. HP: 50/50 MP: 6/10
  4340 | D:4      | Found a shimmering altar of Xom.
  4341 | D:4      | Found a hazy altar of Hepliaklqana.
  4342 | D:4      | Noticed a spectral ugly thing
  4817 | D:5      | Entered Level 5 of the Dungeon
  4824 | D:5      | Your scales start taking on a fiery red colour.
  4824 | D:5      | Reached XP level 7. HP: 34/57 MP: 10/12
  4824 | D:5      | Gained mutation: Your flesh is heat resistant. (rF+) [Red
                  | Draconian growth]
  5184 | D:5      | Noticed Menkaure
  5196 | D:5      | Killed Menkaure
  5534 | D:4      | Slain by a gnoll

Illustrated notes

Levels and vault maps discovered:
D:1:      lightli_molten_gateway, layout_rooms, serial_co_window_serial,
          co_window_paths_a, co_window_paths_a, co_window_corner_a,
          co_window_cross_1, co_window_corner_a, co_window_of_opportunity_b,
          co_window_unsneaky_path_a, co_window_corner_b, co_window_2corner,
          co_window_of_opportunity_b, co_window_paths_e, glass_columns_a,
          minmay_statues_item, lexackson_kobold_supper
D:2:      layout_loops_ring, uniq_natasha
D:3:      layout_basic
D:4:      layout_rooms, regret_index_temple_of_mockery, minmay_pentomino_pile
D:5:      layout_cave_pools, uniq_menkaure

Skill      XL: |  1  2  3  4  5  6  7 |
---------------+----------------------+-----
Dodging        | 2 3 |  3.7
Fighting       | 1 2 3 |  3.6
Stealth        | 2 |  2.5
Short Blades   | 1 |  1.8
Throwing       | 1 2 |  2.1
Spellcasting   | 3 |  3.8
Polearms       | 1 2 |  2.4
Conjurations   | |  4.7

Action                   |  1- 3 |  4- 6 |  7- 9 || total
-------------------------+-------+-------+-------++-------
Melee: Short sword       |    74 |    50 |       ||   124
       Tailslap          |    10 |    10 |       ||    20
       Punch             |     1 |     1 |       ||     2
       Bardiche          |       |    67 |    18 ||    85
Throw: Stone             |     5 |     1 |       ||     6
       Dart              |       |     6 |     6 ||    12
 Cast: Magic Dart        |    17 |    19 |     6 ||    42
       Searing Ray       |     3 |     7 |     1 ||    11
 Abil: Breathe Fire      |       |       |     1 ||     1
 Stab: Sleeping          |     2 |     3 |       ||     5
Armor: Skin              |    26 |    41 |     7 ||    74
Dodge: Dodged            |    53 |    99 |    12 ||   164

Table legend: (Time is in decaauts)
 A = Elapsed time spent in this place.
 B = Non-inter-level travel time spent in this place.
 C = Inter-level travel time spent in this place.
 D = Time resting spent in this place.
 E = Time spent auto-exploring this place.
 F = Levels seen in this place.
 G = Mean time per level.
                   A        B        C        D        E       F      G
               +--------+--------+--------+--------+--------+-----+--------+
         Total |   5621 |   5423 |    198 |      0 |   4621 |   5 | 1124.2 |
       Dungeon |   5621 |   5423 |    198 |      0 |   4621 |   5 | 1124.2 |
               +--------+--------+--------+--------+--------+-----+--------+

Top non-repeatable levels by time:
     D:1: 1733 daAuts
     D:2: 1208 daAuts
     D:4: 1075 daAuts
     D:3: 1032 daAuts
     D:5: 571 daAuts
